 Dungeon Crawl Stone Soup version 0.18.1-8-gdd0e5ea (webtiles) character file.

181 MessengerOfRage the Sneak (level 5, -4/24 HPs)
             Began as a Spriggan Enchanter on June 7, 2016.
             Slain by a slave (7 damage)
             ... led by Pikel
             ... on level 3 of the Dungeon.
             The game lasted 00:25:31 (4380 turns).

MessengerOfRage the Sneak (Spriggan Enchanter)      Turns: 4380, Time: 00:25:31

Health: -4/24      AC:  3    Str:  4    XL:     5   Next: 34%
Magic:  2/10       EV: 18    Int: 18    God:
Gold:   166        SH:  0    Dex: 16    Spells: 2 memorised, 6 levels left

rFire  . . .     SeeInvis +     a - +1 dagger
rCold  . . .     Gourm    .     b - +1 robe
rNeg   . . .     Faith    .     (shield restricted)
rPois  .         Spirit   .     (helmet restricted)
rElec  .         Dismiss  .     (no cloak)
rCorr  .         Reflect  .     (gloves unavailable)
SustAt .         Harm     .     (boots unavailable)
MR     .....                    (no amulet)
Stlth  ++++......               (no ring)
                                (no ring)

@: very slightly contaminated, very quick, not resistant to hostile
enchantments, stealthy
A: unfitting armour, see invisible, herbivore 3, speed 3, slow metabolism 2
a: no special abilities


You were on level 3 of the Dungeon.
You were hungry.

You visited 1 branch of the dungeon, and saw 4 of its levels.

You collected 166 gold pieces.

Inventory:

Hand Weapons
 a - a +1 dagger (weapon)
Missiles
 f - 142 stones (quivered)
 o - 34 poisoned needles
 E - 6 needles of sleeping
Armour
 b - a +1 robe (worn)
Jewellery
 v - an uncursed ring of see invisible {unknown}
Scrolls
 g - a scroll of teleportation {unknown}
 h - a scroll of blinking {unknown}
 l - 2 scrolls of enchant armour {unknown}
 n - 3 scrolls of remove curse {unknown}
 u - a scroll of fog {unknown}
 z - a scroll of random uselessness {unknown}
 F - 2 scrolls of amnesia {unknown}
 G - a scroll of magic mapping {unknown}
Potions
 e - a potion of degeneration {unknown}
 j - a potion of mutation {unknown}
 p - a potion of lignification {unknown}
 r - a potion of ambrosia {unknown}
 s - a potion of curing {unknown}
 w - a potion of invisibility {unknown}
Books
 c - a book of Maledictions

   Spells                             Type                      Level
   a - Corona                         Hexes                        1
   b - Ensorcelled Hibernation        Hexes/Ice                    2
   c - Confuse                        Hexes                        3
   d - Tukima's Dance                 Hexes                        3
   e - Dazzling Spray                 Conjuration/Hexes            3
Comestibles
 d - 2 bread rations
 x - 4 fruits


   Skills:
 * Level 3.2 Short Blades
 * Level 2.2 Throwing
 - Level 3.0 Dodging
 + Level 7.2 Stealth
 - Level 2.6 Spellcasting
 - Level 3.6 Hexes


You had 6 spell levels left.
You knew the following spells:

 Your Spells              Type           Power        Failure   Level  Hunger
a - Corona                Hex            ###....      4%          1    #......
b - Ensorcelled Hibernat  Hex/Ice        #.....       14%         2    ##.....


Dungeon Overview and Level Annotations

Branches:
Dungeon (4/15)
 Temple: D:4-7

Altars:
Ashenzari
Pakellas
Yredelemnul

Shops:
D:4 *

Annotations:
D:4 MessengerOfRage's ghost, novice SpEn; Pikel


Innate Abilities, Weirdness & Mutations

You are tiny and cannot use many weapons and most armour.
You have supernaturally acute eyesight.
You are a herbivore.
You cover ground extremely quickly.
You need consume almost no food.


Message History

You completely miss the slave.
The slave is moderately wounded.
The slave closely misses you.
You hit the slave but do no damage.
The slave is moderately wounded.
The slave hits you!
* * * LOW HITPOINT WARNING * * *
You closely miss the slave.
The slave is moderately wounded.
The slave hits you.
* * * LOW HITPOINT WARNING * * *
You hit the slave.
The slave is moderately wounded.
The slave hits you but does no damage.
You hit the slave but do no damage.
The slave is moderately wounded.
You hit the slave but do no damage.
The slave is moderately wounded.
The slave hits you!
You die...

#.#.##.#
#######.#.##.####
#.......#.##.....
#.......#.#######
#.......#........
#####'###########
######.###....####
#.p..........<....
#@####.#...##.####
#.# #.#.#........
#.####.#.#.##.####
#.#....#.#.##.#)..
#.#.####>#.##.#.##
#.#......>.##...#.
#........########.
########## #....
#....


You could see a slave.

Vanquished Creatures
  Ijyb (D:2)
  Natasha (twice) (D:3)
  3 gnolls
  An adder (D:2)
  2 oozes
  A worm (D:3)
  2 dart slugs
  A giant gecko (D:2)
  3 giant cockroaches
  6 goblins
  9 hobgoblins
  2 jackals (D:1)
  2 ball pythons
  7 bats
  3 giant newts
  6 kobolds
  4 rats
55 creatures vanquished.

Notes
Turn   | Place    | Note
--------------------------------------------------------------
     0 | D:1      | MessengerOfRage the Spriggan Enchanter began the quest for the Orb.
     0 | D:1      | Reached XP level 1. HP: 9/9 MP: 5/5
   336 | D:1      | Reached XP level 2. HP: 11/13 MP: 6/6
   384 | D:1      | Learned a level 2 spell: Ensorcelled Hibernation
   452 | D:1      | Reached skill level 5 in Stealth
   883 | D:1      | Reached skill level 1 in Throwing
  1051 | D:1      | Reached XP level 3. HP: 15/16 MP: 8/8
  1578 | D:2      | Noticed Ijyb
  1586 | D:2      | Killed Ijyb
  1586 | D:2      | Reached skill level 6 in Stealth
  2040 | D:2      | Reached XP level 4. HP: 21/21 MP: 9/9
  3037 | D:3      | Noticed Natasha
  3246 | D:3      | Killed Natasha
  3246 | D:3      | Reached XP level 5. HP: 16/24 MP: 1/10
  3363 | D:3      | Found a basalt altar of Yredelemnul.
  3906 | D:3      | Reached skill level 7 in Stealth
  3968 | D:3      | Noticed Natasha
  3977 | D:3      | Killed Natasha
  3997 | D:3      | Found an oddly glowing altar of Pakellas.
  3997 | D:3      | Found a shattered altar of Ashenzari.
  4268 | D:4      | Found Ezan's Assorted Antiques.
  4268 | D:4      | Noticed Pikel
  4268 | D:4      | Noticed a slave
  4268 | D:4      | Noticed MessengerOfRage's ghost (novice SpEn)
  4340 | D:4      | Noticed a slave
  4340 | D:4      | Noticed a slave
  4340 | D:4      | Noticed a slave
  4380 | D:3      | Slain by a slave

Skill      XL: |  1  2  3  4  5 |
---------------+----------------+-----
Stealth        | 5 6 7 |  7.2
Throwing       | 1 2 |  2.2
Short Blades   | 2 3 |  3.2
Dodging        | |  3.0
Spellcasting   | |  2.6
Hexes          | |  3.6

Action                   |  1- 3 |  4- 6 || total
-------------------------+-------+-------++-------
Melee: Dagger            |   174 |   106 ||   280
Throw: Stone             |     3 |     1 ||     4
 Cast: Ensorcelled Hiber |     2 |    17 ||    19
 Stab: Sleeping          |     5 |    13 ||    18
       Distracted        |       |     1 ||     1
  Eat: Royal jelly       |       |     1 ||     1
Armor: Robe              |    30 |     8 ||    38
Dodge: Dodged            |   141 |    66 ||   207
